 Dungeon Crawl Stone Soup version 0.32-a0-886-g41c5271027 (webtiles) character file.

Game seed: 14140612866377326001

117226 jasper the Metamorph (level 16, -3/139 HPs)
             Began as a Pale Draconian Shapeshifter on Apr 2, 2024.
             Was an Initiate of Gozag.
             Slain by a sphinx (4 damage)
             ... summoned by Kirke
             ... on level 1 of the Snake Pit.
             The game lasted 00:50:44 (25824 turns).

jasper the Metamorph (Pale Draconian Shapeshifter) Turns: 25824, Time: 00:50:44

Health: -3/139     AC:  0    Str: 21    XL:     16   Next: 22%
Magic:  16/16      EV: 17    Int: 13    God:    Gozag
Gold:   5427       SH:  0    Dex: 12    Spells: 7/15 levels left

rFire   + +          .
                       - Unarmed
rCold   . . .        (shield currently unavailable)
rNeg    . . .        (body armour unavailable)
rPois   .            (helmet currently unavailable)
rElec   .            (cloak currently unavailable)
rCorr   .            (gloves currently unavailable)
SInv    .            (boots currently unavailable)
Will    +....        R - amulet "Nobissioma" {rF++ Regen+ Dex+2}
Stlth   +            e - melded +6 ring of strength
HPRegen 1.23/turn    x - melded +4 ring of slaying
MPRegen 0.15/turn

%: no passive effects
@: pig-form (expiring), gold aura, slowed, very slow
A: fast, no casting, (steam breath), AC +9, small, unfitting armour,
(cold-blooded), (steam resistance), weak 1
a: Renounce Religion, Potion Petition, Call Merchant, Bribe Branch


You were on level 1 of the Snake Pit.
You worshipped Gozag.
Gozag was greatly pleased with you.
You were a filthy swine.
You visited 5 branches of the dungeon, and saw 22 of its levels.
You also visited: Gauntlet.

You collected 8291 gold pieces.
You spent 895 gold pieces at shops.
You paid 1969 gold pieces to Gozag.

Inventory:

Missiles
 r - 3 throwing nets
Jewellery
 e - a +6 ring of strength (melded)
 f - a ring of wizardry
 s - a +5 ring of evasion
 w - the amulet "Ytsaic" {Reflect Int+3 Dex+5 SH+5}
   (You found it in a Gauntlet)

   [amulet of reflection]

   Reflect:   It reflects blocked missile attacks.
   Int+3:     It affects your intelligence (+3).
   Dex+5:     It affects your dexterity (+5).
   SH+5:      It affects your SH (+5).
 x - a +4 ring of slaying (melded)
 H - a ring of protection from fire
 M - a ring of protection from fire
 R - the amulet "Nobissioma" (around neck) {rF++ Regen+ Dex+2}
   (You found it in a Gauntlet)

   [amulet of regeneration]

   Dex+2:     It affects your dexterity (+2).
   rF++:      It greatly protects you from fire.
   Regen+:    It increases your rate of health regeneration.
Talismans
 n - a dragon-blood talisman (active)
Wands
 k - a wand of light (8)
 l - a wand of digging (6)
 p - a wand of roots (26)
 v - a wand of polymorph (7)
Scrolls
 b - 2 scrolls of identify
 c - a scroll of fear
 q - a scroll of blinking
 z - 4 scrolls of poison
 A - 2 scrolls of silence
 C - 7 scrolls of teleportation
 D - 6 scrolls of immolation
 E - a scroll of vulnerability
 O - 4 scrolls of enchant armour
 T - a scroll of summoning
Potions
 a - 2 potions of might
 d - 3 potions of brilliance
 g - 4 potions of enlightenment
 i - 3 potions of mutation
 j - a potion of ambrosia
 o - 2 potions of magic
 G - 2 potions of haste
 I - 2 potions of lignification
 K - a potion of curing
 Q - a potion of berserk rage
Miscellaneous
 y - a phial of floods (inert)
 N - a lightning rod (inert)


   Skills:
 + Level 11.7 Fighting
 - Level 10.0 Dodging
 + Level 12.7 Unarmed Combat
 - Level 5.0 Conjurations
 - Level 6.7 Translocations
 - Level 9.0 Ice Magic
 - Level 6.0 Air Magic
 - Level 5.0 Alchemy
 * Level 16.7 Shapeshifting


You had 7 spell levels left.
You knew the following spells:

 Your Spells              Type           Power      Damage    Failure   Level
a - Blink                 Tloc           34%        N/A       3%          2
b - Ozocubu's Armour      Ice            23%        N/A       2%          3
c - Mephitic Cloud        Conj/Alch/Air  13%        N/A       11%         3

Your spell library contained the following spells:

 Spells                   Type           Power      Damage    Failure   Level
 Lesser Beckoning         Tloc           34%        N/A       3%          2
 Mercury Vapours          Alch/Air       28%        N/A       4%          2
 Momentum Strike          Conj/Tloc      30%        3d8       4%          2
 Kiss of Death            Conj/Necr      24%        2d7       11%         1
 Passage of Golubria      Tloc           17%        N/A       21%         4
 Summon Small Mammal      Summ           0%         N/A       30%         1
 Freezing Cloud           Conj/Ice/Air   8%         6-21      50%         5
 Dimensional Bullseye     Hex/Tloc       4%         N/A       61%         4
 Call Canine Familiar     Summ           0%         N/A       67%         3
 Confusing Touch          Hex            0%         N/A       67%         3
 Fugue of the Fallen      Necr           0%         N/A       67%         3
 Inner Flame              Hex/Fire       0%         N/A       67%         3
 Sigil of Binding         Hex            0%         N/A       67%         3
 Tukima's Dance           Hex            0%         N/A       67%         3
 Irradiate                Conj/Alch      6%         3d13      73%         5
 Iskenderun's Battlesphe  Conj           13%        2d7       73%         5
 Summon Forest            Summ/Tloc      4%         N/A       91%         5
 Dispel Undead            Necr           0%         3d6       97%         4
 Summon Blazeheart Golem  Fire/Summ      0%         N/A       97%         4
 Yara's Violent Unravell  Hex/Alch       3%         3d4       97%         5
 Eringya's Noxious Bog    Alch           6%         4d6       99%         6
 Bombard                  Conj/Erth      3%         9d1       100%        6
 Manifold Assault         Tloc           8%         N/A       100%        7
 Spellforged Servitor     Conj/Summ      3%         N/A       100%        7
 Summon Hydra             Summ           0%         N/A       100%        7
 Ignition                 Fire           0%         3d3       100%        8


Dungeon Overview and Level Annotations

Branches:
Dungeon (15/15)              Lair (5/5) D:9           Swamp (1/4) Lair:3
  Snake (1/4) Lair:3        Slime (0/5) Lair:4          Orc (2/2) D:10
    Elf (0/3) Orc:2        Vaults (0/5) D:13         Depths (0/4) D:15
Gauntlet (visited)
 Temple: D:4-7

Altars:
Gozag
Hepliaklqana
Okawaru
Qazlal
Trog
Wu Jian
Yredelemnul
Zin
The Shining One
Beogh
Jiyva

Shops:
D:11 [   Orc:1 *   Orc:2 *:[*

Annotations:
Lair:2 2 transporters, NotBatman's ghost, journeyman MiBe
Snake:1 Kirke


Innate Abilities, Weirdness & Mutations

You are a filthy swine.
You move quickly.
Your equipment is almost entirely melded.
You are incapable of wielding weapons or throwing items.
You cannot cast spells.
((You can breathe blasts of scalding, opaque steam.))
((Your pale cyan-grey scales are hard. (AC +9)))
You cannot fit into any form of body armour.
((You are cold-blooded and may be slowed by cold attacks.))
((You are immune to the effects of steam.))
You are weak. (Str -2)


Message History

Aim: a hog (moderately wounded)
The thunderbolt hits the hog!!
You kill the hog!
The thunderbolt hits something!
The lightning rod overheats!
Your transformation is almost over.
The sphinx misses you. The sphinx hits you.
* * * LOW HITPOINT WARNING * * *
The sphinx closely misses you.
You take 4 damage, and have 36/139 hp.
You feel much better.
The sphinx mumbles some strange words.
You are confused.
The sphinx hits you. The sphinx hits you! The sphinx completely misses you.
You hear a shout!
You regained 14 hp, and now have 50/139 hp.
You are too confused!
You feel better. The sphinx closely misses you.
The sphinx completely misses you. The sphinx closely misses you.
The sphinx hits you!! The sphinx misses you. The sphinx hits you.
You take 7 damage, and have 43/139 hp.
Aim the phial where?
Press: ? - help, Shift-Dir - straight line, f - sphinx
Aim: a sphinx (summoned, 90% to hit)
The torrent of water hits the sphinx!
The sphinx is lightly wounded.
The sphinx is engulfed in water.
The wave splashes down.
Splash!
You fall into the shallow water.
Moving in this stuff is going to be slow.
The sphinx hits you!!
* * * LOW HITPOINT WARNING * * *
The sphinx hits you!
* * * LOW HITPOINT WARNING * * *
The sphinx hits you.
* * * LOW HITPOINT WARNING * * *
The sphinx hits you!
* * * LOW HITPOINT WARNING * * *
The sphinx hits you.
You die...
Your body crumbles into a pile of gold.

..####..........##### #.#..#....
..#.#...........#.# #....)....
.##.#..........##.# #.##.#....
.#..##........##..### ##.###....
.#...##.......#.....## ##......
......#.))....#...#..# ###.....
......#...)...###.###### #...####
......#..))...#~~~..#..###.#.....
..#####.......#~h$.[##.#...#.....
###...#.......##H#.........###.##
..###.####....#~{###.....#.# ..#
.......#.#...##.$..#.....#.# ..#
..####.#.##.##.....#....##.) ##
)## #.............###.##.... ..#
#.......##..... #.# ..... #.#
#........##.#...### ......
#.####...h....#..##### ##...#


You could see a sphinx (summoned, waterlogged).

Vanquished Creatures
  Nikola (Snake:1)
  Jorgrun (D:14)
  Frances (D:13)
  Aizul (Snake:1)
  A tengu reaver (D:13)
  A stone giant (D:15)
  A minotaur (Gauntlet)
  A bunyip (Lair:3)
  A deep elf annihilator (D:13)
  2 fire dragons
  2 yaktaur captains (D:13)
  A hell beast (Gauntlet)
  Harold (Orc:1)
  6 hydras
  The ghost of smashvw the Cleaver, a journeyman CoBe of Trog (D:11)
  A catoblepas (Lair:5)
  10 centaur warriors
  Erica (D:9)
  2 anacondas (Snake:1)
  A death knight (D:13)
  A two-headed ogre (D:13)
  Urug (D:13)
  5 boulder beetles
  A deep troll earth mage (D:13)
  An orc high priest (Orc:1)
  9 death yaks
  An occultist (D:13)
  A naga warrior (Snake:1)
  A shock serpent (Snake:1)
  A naga sharpshooter (Snake:1)
  Nergalle (Lair:3)
  3 skeletal warriors (D:11)
  2 sixfirhies (Gauntlet)
  A goliath frog (Lair:3)
  A mana viper (Snake:1)
  2 flayed ghosts (D:13)
  A naga ritualist (Snake:1)
  5 lindwurms (Lair:5)
  2 orc knights
  2 deep elf pyromancers
  An obsidian bat (Orc:2)
  3 wolf spiders
  6 manticores
  14 ugly things
  2 salamanders
  Maurice (D:10)
  2 cyclopes
  5 kobold blastminers (Orc:2)
  6 naga magi (Snake:1)
  A meliai (shapeshifter) (D:13)
  8 torpor snails (Lair:5)
  2 elephants (Lair:5)
  2 gargoyles (D:12)
  7 black mambas
  2 kobold demonologists (D:13)
  18 cane toads
  A yaktaur (D:13)
  A troll (shapeshifter) (D:14)
  12 komodo dragons
  A polar bear (Lair:3)
  4 trolls
  3 tyrant leeches (Lair:5)
  17 blink frogs
  7 dream sheep (Lair:5)
  9 hornets
  13 slime creatures
  Sigmund (D:3)
  63 yaks
  2 spriggans (shapeshifter) (D:13)
  3 wraiths
  A centaur simulacrum (D:13)
  A vampire (D:12)
  3 shadows
  6 wyverns
  7 basilisks
  5 hogs (Snake:1)
  17 humans
  4 wargs
  2 steam dragons (D:7)
  3 neqoxecs (D:11)
  5 vampire mosquitoes
  17 nagas
  2 swamp worms (Lair:3)
  2 acid dragons (D:9)
  Duvessa (D:7)
  2 hell hounds (Gauntlet)
  11 water moccasins
  35 orc warriors
  A swamp drake (shapeshifter) (D:13)
  A swamp drake (Swamp:1)
  3 ogres
  A black bear (Lair:2)
  16 centaurs
  10 wolves
  A boggart (D:13)
  3 kobold brigands (D:13)
  6 bullfrogs
  3 wights (D:9)
  Dowan (D:7)
  15 killer bees
  2 vampire bats (Lair:1)
  3 howler monkeys
  2 bombardier beetles (D:7)
  3 quasits (D:11)
  19 orc priests
  21 orc wizards
  5 hell rats (Lair:4)
  3 adders
  4 white imps
  A dart slug (D:1)
  A ribbon worm (D:2)
  42 orcs
  4 ball pythons
  3 endoplasms
  4 giant cockroaches
  7 goblins
  7 hobgoblins
  7 jackals
  8 kobolds
  3 quokkas
  10 bats
  3 frilled lizards
  A goblin zombie (D:7)
  A jackal skeleton (D:7)
  5 rats
650 creatures vanquished.

Notes
Turn   | Place    | Note
-------+----------+-------------------------------------------
     0 | D:1      | jasper the Draconian Shapeshifter began the quest for the
                  | Orb.
     0 | D:1      | Reached XP level 1. HP: 16/16 MP: 1/1
   123 | D:1      | Reached XP level 2. HP: 17/23 MP: 2/2
   632 | D:1      | Found a faded altar of an unknown god.
   646 | D:1      | Reached skill level 4 in Shapeshifting
   650 | D:1      | Prayed at the altar of an unknown god.
   650 | D:1      | Became a worshipper of Gozag Ym Sagoz the Greedy
   782 | D:2      | Reached XP level 3. HP: 17/28 MP: 3/3
  1633 | D:3      | Noticed Sigmund
  1643 | D:3      | Killed Sigmund
  1644 | D:3      | Reached skill level 6 in Shapeshifting
  1644 | D:3      | Reached XP level 4. HP: 26/35 MP: 4/4
  1644 | D:3      | Reached XP level 5. HP: 30/40 MP: 5/5
  2250 | D:3      | Found a bloodstained altar of Trog.
  2869 | D:4      | You fall into a shaft and drop 3 floors!
  2883 | D:7      | Noticed a centaur
  2896 | D:7      | Reached XP level 6. HP: 13/47 MP: 6/6
  3111 | D:7      | Reached skill level 7 in Shapeshifting
  3133 | D:7      | Noticed a steam dragon
  3154 | D:7      | Killed a steam dragon
  3155 | D:7      | Your scales start taking on a pale cyan-grey colour.
  3155 | D:7      | Reached XP level 7. HP: 6/55 MP: 7/7
  3155 | D:7      | Gained mutation: You are immune to the effects of steam.
                  | [Pale Draconian growth]
  3574 | D:7      | Noticed Duvessa
  3575 | D:7      | Noticed Dowan
  3575 | D:7      | Noticed a steam dragon
  3578 | D:7      | Killed Dowan
  3582 | D:7      | Killed Duvessa
  3583 | D:7      | Reached skill level 5 in Unarmed Combat
  3587 | D:7      | Killed a steam dragon
  3708 | D:7      | Reached XP level 8. HP: 64/66 MP: 8/8
  3789 | D:7      | Found a runed translucent door.
  3793 | D:7      | Found a basalt altar of Yredelemnul.
  4105 | D:8      | Identified the +6 lajatang of the Pill Bug {flame, *Rage
                  | *Corrode rElec rPois MP+9}
  4152 | D:8      | Found a stormy altar of Qazlal.
  4182 | D:7      | Reached skill level 5 in Fighting
  4512 | D:8      | Reached XP level 9. HP: 5/75 MP: 9/9
  4971 | D:8      | Found an iron altar of Okawaru.
  4980 | D:8      | Found an ornate altar of the Wu Jian Council.
  5333 | D:9      | Noticed Erica
  5344 | D:9      | Killed Erica
  5345 | D:9      | Reached skill level 10 in Unarmed Combat
  5629 | D:9      | Reached XP level 10. HP: 84/91 MP: 10/10
  5645 | D:9      | Reached skill level 10 in Fighting
  6107 | D:9      | Found a staircase to the Lair.
  6366 | D:9      | Reached skill level 5 in Dodging
  6623 | D:10     | Entered Level 10 of the Dungeon
  7686 | D:10     | Found a staircase to the Orcish Mines.
  7731 | D:10     | Learned a level 2 spell: Blink
  7735 | D:10     | Learned a level 3 spell: Ozocubu's Armour
  7758 | D:11     | Found a transporter.
  7809 | D:11     | Noticed a centaur warrior
  7816 | D:11     | Killed a centaur warrior
  7817 | D:11     | Reached XP level 11. HP: 57/99 MP: 11/11
  8070 | D:11     | Identified the +4 hand axe "Quuhaig" {flame, Str+5 Int+5}
  8092 | D:11     | Found a transporter.
  8095 | D:11     | Noticed smashvw's ghost (journeyman CoBe)
  8123 | D:11     | Noticed a boulder beetle
  8139 | D:11     | Killed a boulder beetle
  8261 | D:11     | Found Quduxido's Antique Armour Emporium.
  8269 | D:11     | Bought a pair of runed gloves for 135 gold pieces
  8580 | D:11     | Noticed a skeletal warrior
  8580 | D:11     | Noticed a skeletal warrior
  8580 | D:11     | Noticed a skeletal warrior
  8599 | D:11     | Killed a skeletal warrior
  8607 | D:11     | Killed a skeletal warrior
  8608 | D:11     | Reached skill level 10 in Dodging
  8614 | D:11     | Killed a skeletal warrior
  8856 | Lair:1   | Entered Level 1 of the Lair of Beasts
  9181 | Lair:1   | Reached skill level 8 in Shapeshifting
  9861 | Lair:1   | Reached skill level 9 in Shapeshifting
 10131 | Lair:1   | Noticed a wolf spider
 10131 | Lair:1   | Noticed a wolf spider
 10151 | Lair:1   | Killed a wolf spider
 10153 | Lair:1   | Killed a wolf spider
 10470 | Lair:1   | Reached skill level 10 in Shapeshifting
 10553 | Lair:2   | Noticed a seven-headed hydra
 10558 | Lair:2   | Killed a seven-headed hydra
 10559 | Lair:2   | Reached XP level 12. HP: 95/106 MP: 12/12
 10675 | Lair:2   | Noticed NotBatman's ghost (journeyman MiBe)
 10713 | Lair:2   | Found a transporter.
 10729 | Lair:2   | Found a transporter.
 10992 | Lair:2   | Reached skill level 11 in Shapeshifting
 11629 | Lair:3   | Found an opulent altar of Gozag.
 11853 | Lair:3   | Reached skill level 12 in Shapeshifting
 11985 | Lair:3   | Noticed Nergalle
 11993 | Lair:3   | Killed Nergalle
 12133 | Lair:3   | Noticed a six-headed hydra
 12145 | Lair:3   | Killed a six-headed hydra
 12160 | Lair:3   | Noticed a seven-headed hydra
 12187 | Lair:3   | Killed a seven-headed hydra
 12188 | Lair:3   | Reached skill level 13 in Shapeshifting
 12337 | Lair:3   | Found a staircase to the Swamp.
 12503 | Lair:3   | Found a staircase to the Snake Pit.
 13150 | Lair:4   | Reached XP level 13. HP: 113/113 MP: 13/13
 13237 | Lair:4   | Reached skill level 14 in Shapeshifting
 13717 | Lair:4   | Reached skill level 15 in Shapeshifting
 13792 | Lair:4   | Identified the +10 whip "Suall" {freeze, rF+ Will+ Dex+2
                  | Stlth+}
 14390 | Lair:4   | Found a viscous altar of Jiyva.
 14395 | Lair:4   | Found a staircase to the Slime Pits.
 14480 | Lair:5   | Entered Level 5 of the Lair of Beasts
 14953 | Lair:5   | Reached skill level 16 in Shapeshifting
 14972 | Lair:5   | Reached skill level 1 in Translocations
 14972 | Lair:5   | Reached skill level 1 in Ice Magic
 15118 | Lair:5   | Identified the +7 broad axe of Nenem {distort, Str+3}
 15446 | Lair:5   | Reached XP level 14. HP: 121/121 MP: 14/14
 15882 | Lair:5   | Reached skill level 5 in Translocations
 15882 | Lair:5   | Reached skill level 5 in Ice Magic
 16150 | Lair:5   | Identified the +5 trident "Lacertilianslayer" {freeze,
                  | *Noise rPois rCorr Str+6}
 16754 | Orc:1    | Entered Level 1 of the Orcish Mines
 16754 | Orc:1    | Noticed Maurice
 16758 | Orc:1    | Noticed Harold
 16777 | Orc:1    | Maurice stole a ring of wizardry
 16783 | D:10     | Something stole a dragon-blood talisman
 16787 | D:10     | Killed Maurice
 16883 | Orc:1    | Killed Harold
 17039 | Orc:1    | Found Xaisu's Assorted Antiques.
 17235 | Orc:1    | Found a roughly hewn altar of Beogh.
 17325 | Orc:2    | Entered Level 2 of the Orcish Mines
 17373 | Orc:2    | Found a staircase to the Elven Halls.
 17776 | Orc:2    | Learned a level 3 spell: Mephitic Cloud
 18108 | Orc:2    | Found Kemubb's Armour Shop.
 18108 | Orc:2    | Found Quqaf's Book Emporium.
 18108 | Orc:2    | Found Ceqa's General Store.
 18111 | Orc:2    | Found Torruher's Assorted Antiques.
 18118 | Orc:2    | Bought a potion of heal wounds for 70 gold pieces
 18118 | Orc:2    | Bought a scroll of teleportation for 42 gold pieces
 18123 | Orc:2    | Bought a potion of haste for 240 gold pieces
 18123 | Orc:2    | Bought a glowing steel ring for 120 gold pieces
 18123 | Orc:2    | Bought a potion of enlightenment for 120 gold pieces
 18123 | Orc:2    | Bought a scroll of immolation for 96 gold pieces
 18123 | Orc:2    | Bought a scroll labelled MOYCOCKAOFA for 24 gold pieces
 18123 | Orc:2    | Bought a scroll of identify for 48 gold pieces
 18445 | D:11     | Gained mutation: You are weak. (Str -2) [a neqoxec]
 18449 | D:11     | Reached skill level 1 in Air Magic
 18452 | D:11     | Killed smashvw's ghost
 18453 | D:11     | Reached skill level 1 in Conjurations
 18453 | D:11     | Reached skill level 1 in Alchemy
 18676 | D:12     | HP: 4/181 [slime creature (11)]
 19542 | D:13     | Noticed Urug
 19542 | D:13     | Found a gate to the Vaults.
 19666 | D:13     | Reached XP level 15. HP: 126/126 MP: 11/15
 19672 | D:13     | Killed Urug
 19971 | D:13     | Noticed Frances
 19977 | D:13     | Killed Frances
 20188 | D:13     | Reached skill level 5 in Air Magic
 20277 | D:13     | Reached skill level 5 in Conjurations
 20277 | D:13     | Reached skill level 5 in Alchemy
 20401 | D:13     | Noticed a tengu reaver
 20406 | D:13     | Killed a tengu reaver
 20481 | D:13     | Identified the +2 halberd "Inego" {drain, rF+ Str+2}
 20661 | D:13     | Found a glowing silver altar of Zin.
 20956 | D:14     | Noticed Jorgrun
 21704 | D:14     | Killed Jorgrun
 22375 | D:14     | Found a hazy altar of Hepliaklqana.
 23089 | D:15     | Entered Level 15 of the Dungeon
 23236 | D:15     | Found a glowing golden altar of the Shining One.
 23247 | D:15     | Found a gate leading to a gauntlet.
 23268 | Gauntlet | Entered a Gauntlet
 23268 | Gauntlet | Found a transporter.
 23277 | Gauntlet | Found a transporter.
 23295 | Gauntlet | Found a transporter.
 23298 | Gauntlet | Found a transporter.
 23319 | Gauntlet | Found a transporter.
 23332 | Gauntlet | Found a transporter.
 23346 | Gauntlet | Found a transporter.
 23375 | Gauntlet | Found a transporter.
 23375 | Gauntlet | Found a transporter.
 23380 | Gauntlet | Found a transporter.
 23413 | Gauntlet | Found a transporter.
 23413 | Gauntlet | Found a transporter.
 23507 | Gauntlet | Identified the amulet "Ytsaic" {Reflect Int+3 Dex+5 SH+5}
 23612 | Gauntlet | Identified the amulet "Nobissioma" {rF++ Regen+ Dex+2}
 23730 | D:15     | Found a staircase to the Depths.
 24584 | Swamp:1  | Entered Level 1 of the Swamp
 24801 | Snake:1  | Entered Level 1 of the Snake Pit
 24843 | Snake:1  | Noticed Nikola
 24856 | Snake:1  | Reached XP level 16. HP: 122/126 MP: 16/16
 24868 | Snake:1  | Killed Nikola
 25058 | Snake:1  | Identified the serpent talisman of Ivey {+Blink Fly rC-
                  | Int+7}
 25058 | Snake:1  | Noticed Aizul
 25076 | Snake:1  | Killed Aizul
 25415 | Snake:1  | Noticed Kirke
 25820 | Snake:1  | Noticed a sphinx
 25824 | Snake:1  | HP: 1/139 [sphinx[Kirke] (11)]
 25824 | Snake:1  | Slain by a sphinx

Illustrated notes

Levels and vault maps discovered:
D:1:      amcnicky_arrival_gap_in_the_tavern_cellar, layout_basic,
          dilly_ecumenical_altar_fadedgnrine
D:2:      layout_loops_ring
D:3:      layout_loops_corners, trog_hazing_becter, serial_rivers,
          chequers_serial_rivers_micro_e, chequers_serial_rivers_marsh,
          chequers_serial_rivers_micro_c, chequers_serial_rivers_large_b,
          chequers_serial_rivers_micro_b, corexii_item_surrounded_by_moat,
          hangedman_glass_teeth, kennysheep_decorative_pillar, uniq_sigmund
D:4:      layout_loops_cross, kennysheep_flooded_box, minmay_manual_mail
D:7:      layout_cave_pools, dk_yredelemnul_ordeal, minmay_fountain_box,
          uniq_duvessa
D:8:      layout_cave_pools, mainiacjoe_overflow_tiny_flanked,
          mainiacjoe_overflow_swirl
D:9:      layout_small_grid, lair_entry_dummy, uniq_erica
D:10:     layout_basic, david_orc_4
D:11:     layout_roguey, serial_shops, shop, gammafunk_ghost_stat_death
D:12:     layout_basic
D:13:     minmay_tearing_corner, layout_irregular_city, david_vaults_3,
          hex_medium, zin_scriptorium, uniq_frances
D:14:     layout_layer_cave, nicolae_hepliaklqana_hippocampus, uniq_jorgrun
D:15:     grunt_enter_depths_giant_problem, layout_irregular_city,
          gauntlet_entry_generic, tso_metal_star
Lair:1:   layout_chaotic_city, roderic_batcave,
          nicolae_lair_run_with_the_wolves, infiniplex_staircase_pool
Lair:2:   layout_cave_pods, gammafunk_ghost_hive, dreamdust_mushroom_princess
Lair:3:   layout_cave_pods, palyth_hydra_swamp_entry,
          alex1729_snake_entry_snake, basic_altar, uniq_nergalle
Lair:4:   layout_long_grid, dpeg_slime_entry_corner, grunt_megastairs_1,
          serial_bayou_shore_b
Lair:5:   hangedman_lair_in_review, layout_cave_shapes, wormcave
Swamp:1:  layout_basic_swamp, infiniplex_staircase_pool_2, swamp_pool_1_2,
          nicolae_swamp_decorative_isthmus
Snake:1:  layout_honeycomb, basic_altar, minmay_shop_grove, uniq_aizul,
          uniq_nikola, uniq_kirke
Orc:1:    layout_caves, serial_shops, shop, nicolae_orc_seminary, uniq_maurice,
          uniq_harold
Orc:2:    st_orc_rangers, layout_caves

Skill      XL: |  1  2  3  4  5  6  7  8  9 10 11 12 13 14 15 |
---------------+----------------------------------------------+-----
Shapeshifting  | 4 6 7 10 13 16 | 16.7
Fighting       | 2 4 6 9 10 11 | 11.7
Unarmed Combat | 5 8 10 12 | 12.7
Dodging        | 8 10 | 10.0
Translocations | 4 6 |  6.7
Ice Magic      | 4 9 |  9.0
Air Magic      | 3 6 |  6.0
Conjurations   | 3 5 |  5.0
Alchemy        | 3 5 |  5.0

Action                     |  1- 3 |  4- 6 |  7- 9 | 10-12 | 13-15 | 16-18 || total
---------------------------+-------+-------+-------+-------+-------+-------++-------
  Melee: Unarmed           |   135 |   109 |   112 |   517 |   709 |    73 ||  1655
         Tailslap          |    12 |    12 |    22 |   107 |   106 |     8 ||   267
         Bite              |       |       |       |     4 |    88 |     4 ||    96
         Punch             |       |       |       |     2 |    48 |     4 ||    54
  Throw: Stone             |       |     1 |       |       |       |       ||     1
   Cast: Ozocubu's Armour  |       |       |       |       |    20 |       ||    20
         Mephitic Cloud    |       |       |       |       |    13 |       ||    13
 Invoke: Potion Petition   |       |       |       |     2 |     2 |       ||     4
Ability: Steam Breath      |       |       |     8 |    12 |    17 |       ||    37
         Begin Untransform |       |       |       |       |     1 |       ||     1
  Evoke: Wand              |       |       |       |    11 |       |       ||    11
         Lightning rod     |       |       |       |       |       |     4 ||     4
         Phial of floods   |       |       |       |       |       |     1 ||     1
    Use: Potion            |     1 |     4 |       |     2 |     4 |     3 ||    14
         Scroll            |     3 |     2 |     5 |    10 |    13 |       ||    33
   Stab: Invisible         |       |     1 |       |       |       |       ||     1
         Distracted        |       |       |     1 |     2 |     1 |       ||     4
         Confused          |       |       |       |       |     3 |       ||     3
 Armour: Skin              |    45 |    73 |    64 |   351 |   908 |    63 ||  1504
  Dodge: Dodged            |    83 |    86 |    63 |   415 |   379 |    51 ||  1077
   Form: Flux              |     1 |       |     1 |       |       |       ||     2
         Dragon            |       |       |     1 |     1 |     1 |       ||     3

Table legend: (Time is in decaauts)
 A = Elapsed time spent in this place.
 B = Non-inter-level travel time spent in this place.
 C = Inter-level travel time spent in this place.
 D = Time resting spent in this place.
 E = Time spent auto-exploring this place.
 F = Levels seen in this place.
 G = Mean time per level.
                   A        B        C        D        E       F      G
               +--------+--------+--------+--------+--------+-----+--------+
         Total |  25723 |  24385 |   1338 |   4466 |  15129 |  23 | 1118.4 |
       Dungeon |  15209 |  14475 |    734 |   2726 |   9232 |  13 | 1169.9 |
          Lair |   7784 |   7252 |    532 |   1148 |   4614 |   5 | 1556.8 |
         Swamp |     21 |     21 |      0 |      0 |      0 |   1 |   21.0 |
     Snake Pit |    901 |    901 |      0 |    303 |    288 |   1 |  901.0 |
  Orcish Mines |   1401 |   1331 |     70 |    161 |    818 |   2 |  700.5 |
      Gauntlet |    405 |    405 |      0 |    126 |    177 |   1 |  405.0 |
               +--------+--------+--------+--------+--------+-----+--------+

Top non-repeatable levels by time:
  Lair:3: 2078 daAuts
     D:9: 2036 daAuts
  Lair:5: 1959 daAuts
    D:14: 1857 daAuts
    D:13: 1615 daAuts
  Lair:4: 1469 daAuts
     D:7: 1391 daAuts
    D:10: 1382 daAuts
     D:3: 1344 daAuts
  Lair:1: 1264 daAuts
    D:11: 1232 daAuts
    D:12: 1193 daAuts
  Lair:2: 1013 daAuts
 Snake:1: 901 daAuts
   Orc:2: 842 daAuts
